 Dungeon Crawl Stone Soup version 0.30-a0-900-g23479c02f2 (webtiles) character file.

Game seed: 13956180235979139128

105 croobank the Sneak (level 4, -9/32 HPs)
             Began as an Octopode Delver on Mar 19, 2023.
             Mangled by a gnoll
             ... wielding a +0 halberd
              (13 damage)
             ... on level 2 of the Dungeon.
             The game lasted 00:08:06 (1816 turns).

croobank the Sneak (Octopode Delver)                Turns: 1816, Time: 00:08:06

Health: -9/32      AC:  1    Str: 11    XL:     4   Next: 81%
Magic:  3/5        EV: 13    Int: 14    God:
Gold:   105        SH:  0    Dex: 13    Spells: 2/5 levels left

rFire   . . .      SeeInvis .    h - +0 dagger (flame)
rCold   . . .      Faith    .    (no shield)
rNeg    . . .      Spirit   .    (helmet restricted)
rPois   .          Reflect  .    i - amulet of regeneration
rElec   .          Rampage  .    (no ring)
rCorr   .                        (no ring)
Will    .....                    (no ring)
Stlth   ++++                     (no ring)
HPRegen 1.05/turn                (no ring)
MPRegen 0.09/turn                (no ring)
                                 (no ring)
                                 (no ring)

@: hasted, very quick
A: almost no armour, amphibious, 8 rings, camouflage 1, gelatinous body 1,
(nimble swimmer 1), tentacles
a: no special abilities


You were on level 2 of the Dungeon.
You visited 1 branch of the dungeon, and saw 7 of its levels.

You collected 105 gold pieces.

Inventory:

Hand Weapons
 f - a +0 mace
 h - a +0 dagger of flaming (weapon)
 m - a +2 whip of flaming
Missiles
 k - 5 boomerangs (quivered)
 s - 8 poisoned darts
Magical Staves
 n - a staff of air
Jewellery
 i - an amulet of regeneration (around mantle)
 o - an amulet of reflection
Wands
 e - a wand of digging (3)
Scrolls
 a - a scroll of fog
 l - a scroll of vulnerability
Potions
 b - 2 potions of curing
 r - a potion of mutation {unknown}


   Skills:
 + Level 3.6 Fighting
 + Level 2.7 Dodging
 + Level 7.2 Stealth
 + Level 2.7 Unarmed Combat
 * Level 1.0 Spellcasting
 * Level 0.9 Conjurations


You had 2 spell levels left.
You knew the following spells:

 Your Spells              Type           Power      Damage    Failure   Level
a - Magic Dart            Conj           12%        1d3       19%         1
b - Searing Ray           Conj           6%         2d4       26%         2

Your spell library contained the following spells:

 Spells                   Type           Power      Damage    Failure   Level
 Fulminant Prism          Conj/Hex       1%         3d5       91%         4


Dungeon Overview and Level Annotations

Branches:
Dungeon (7/15)
 Temple: D:4-7

Altars:
Qazlal

Shops:
D:5 :

Annotations:
D:4 Dowan


Innate Abilities, Weirdness & Mutations

You cannot wear most types of armour.
You are amphibious.
You can wear up to eight rings at the same time.
Your skin changes colour to match your surroundings (Stealth+).
Your rubbery body absorbs attacks. (AC +1, EV +1)
((You are camouflaged when in or above water. (Stealth+)))
You have tentacles for arms and can constrict up to eight enemies at once.


Message History

Casting: Magic Dart (safe; 21% risk of failure)
Confirm with . or Enter, or press ? or * to list all spells.
Okay, then.
This spell is quite dangerous to cast!
Memorise Searing Ray, consuming 2 spell levels and leaving 1?
You start memorising the spell.
You continue memorising. x2
You finish memorising.
Spell assigned to 'b'.
Casting: Magic Dart (safe; 21% risk of failure)
Confirm with . or Enter, or press ? or * to list all spells.
Aiming: Searing Ray (quite dangerous; 30% risk of failure)
Press: ? - help, Shift-Dir - straight line, p - gnoll The searing ray hits the gnoll.
The gnoll is moderately wounded.
The searing ray hits the gnoll.
The gnoll is heavily wounded.
The searing ray hits the gnoll.
The gnoll is moderately wounded. (Press . to maintain the ray.)
The gnoll hits you from afar with a +0 halberd!
You hit the gnoll. You burn the gnoll. Your grab misses the gnoll.
You squeeze the gnoll.
You kill the gnoll!
The gnoll hits you from afar with a +0 halberd!
* * * LOW HITPOINT WARNING * * *
Your Spellcasting skill increases to level 1!
As you read the scroll labelled ETAITI IWIE, it crumbles to dust.
It is a scroll of enchant armour.
You aren't carrying any armour which can be enchanted further.
Found a scroll labelled POAVUETIRPH.
The gnoll completely misses you.
Throw: throwing net
Press: ? - help, Q - select action, (/) - cycle Shift-Dir - straight line, f - gnoll
Aim: a gnoll, wielding a +0 halberd (heavily wounded, 61% to hit)
You throw a throwing net.
The throwing net completely misses the gnoll.
The throwing net barely misses the gnoll.
The gnoll hits you from afar with a +0 halberd!
* * * LOW HITPOINT WARNING * * *
You feel yourself speed up.
The gnoll hits you from afar with a +0 halberd!
You die...

#..................#
.
#...............####
#######.#.......#
#.#.......##
#####.#....#.....
#...#.#....#.####
...##.....#......####
.....................
...##....##..@..###
####..........#
######g###.... #.gg#
#?. #.### .


.gg #.# ... ... You could see 3 gnolls.

Vanquished Creatures
  A sleepcap (D:4)
  An adder (D:3)
  2 gnolls
  A worm (D:2)
  3 dart slugs
  4 orcs (D:3)
  5 bats
  4 endoplasms
  2 goblins
  A hobgoblin (D:3)
  A quokka (D:1)
  7 ball pythons
  2 frilled lizards
  3 kobolds
  A rat (D:1)
38 creatures vanquished.

Vanquished Creatures (others)
  A quokka (D:4)
  6 plants (D:1)
7 creatures vanquished.

Grand Total: 45 creatures vanquished

Notes
Turn   | Place    | Note
-------+----------+-------------------------------------------
     0 | D:5      | croobank the Octopode Delver began the quest for the Orb.
     0 | D:5      | Reached XP level 1. HP: 16/16 MP: 1/1
     5 | D:6      | Noticed an orc wizard
    42 | D:7      | Noticed a bullfrog
   134 | D:5      | Found Luahesuf's Book Emporium.
   138 | D:5      | Noticed a hound
   176 | D:4      | Noticed a sleepcap
   181 | D:4      | Killed a sleepcap
   182 | D:4      | Reached XP level 2. HP: 13/21 MP: 2/2
   182 | D:4      | Reached XP level 3. HP: 17/26 MP: 3/3
   326 | D:4      | Noticed Dowan
   360 | D:3      | Found a stormy altar of Qazlal.
   376 | D:3      | Reached skill level 7 in Stealth
   406 | D:3      | Found a faded altar of an unknown god.
   642 | D:1      | Learned a level 1 spell: Magic Dart
   658 | D:1      | Reached XP level 4. HP: 31/31 MP: 1/4
  1810 | D:2      | Learned a level 2 spell: Searing Ray
  1812 | D:2      | Reached skill level 1 in Spellcasting
  1816 | D:2      | Mangled by a gnoll

Illustrated notes

Levels and vault maps discovered:
D:1:      minmay_arrival_statue_studded, layout_basic, nicolae_grassy_gnolls
D:2:      layout_basic
D:3:      layout_loops_ring, grunt_qazlal_clouds, nicolae_ecumenical_lake_church
D:4:      layout_loops_ring, elyvilon_altar_4, serial_shops, shop,
          minmay_misc_feat_nine_boxes, chequers_serial_rivers_large_a,
          minivault_19, uniq_edmund, uniq_sigmund, uniq_duvessa
D:5:      layout_basic, lemuel_zombie_altar_yredelemnul, serial_shops, shop
D:6:      lemuel_insect_pit, layout_loops_ring,
          chequers_temple_overflow_statue_of_worship, supply_closet_lemuel
D:7:      lemuel_castle_with_subvaults [lemuel_castle_interior_carwin_3],
          layout_loops_ring, zin_purify, lemuel_tele_altar, cheibriados_altar_1,
          temple_hall, serial_shops, shop, lightli_church_of_beogh, uniq_joseph

Skill      XL: |  1  2  3  4 |
---------------+-------------+-----
Stealth        | 7 |  7.2
Spellcasting   | 1 |  1.0
Fighting       | |  3.6
Dodging        | |  2.7
Unarmed Combat | |  2.7
Conjurations   | |  0.9

Action                     |  1- 3 |  4- 6 || total
---------------------------+-------+-------++-------
  Melee: Dagger            |    32 |    32 ||    64
         Constrict         |    11 |     6 ||    17
         Tentacles         |     7 |     7 ||    14
         Unarmed           |     1 |       ||     1
         Punch             |     1 |       ||     1
  Throw: Boomerang         |       |     6 ||     6
         Throwing net      |       |     1 ||     1
   Cast: Magic Dart        |     1 |    17 ||    18
         Searing Ray       |       |     1 ||     1
    Use: Scroll            |     2 |     8 ||    10
         Potion            |       |     1 ||     1
   Stab: Sleeping          |     6 |    10 ||    16
 Armour: Skin              |     3 |     1 ||     4
  Dodge: Dodged            |    22 |    14 ||    36

Table legend: (Time is in decaauts)
 A = Elapsed time spent in this place.
 B = Non-inter-level travel time spent in this place.
 C = Inter-level travel time spent in this place.
 D = Time resting spent in this place.
 E = Time spent auto-exploring this place.
 F = Levels seen in this place.
 G = Mean time per level.
                   A        B        C        D        E       F      G
               +--------+--------+--------+--------+--------+-----+--------+
         Total |   1815 |   1775 |     40 |    465 |    715 |   7 |  259.3 |
       Dungeon |   1815 |   1775 |     40 |    465 |    715 |   7 |  259.3 |
               +--------+--------+--------+--------+--------+-----+--------+

Top non-repeatable levels by time:
     D:1: 851 daAuts
     D:2: 371 daAuts
     D:3: 243 daAuts
     D:4: 215 daAuts
     D:6: 68 daAuts
     D:5: 63 daAuts
     D:7: 1 daAuts
